 Dungeon Crawl Stone Soup version 0.28.0 (webtiles) character file.

Game seed: 15198460357564965690

70 Illumine the Skirmisher (level 4, 0/41 HPs)
             Began as a Minotaur Fighter on Feb 14, 2022.
             Slain by an orc (1 damage)
             ... on level 3 of the Dungeon.
             The game lasted 00:00:56 (1199 turns).

Illumine the Skirmisher (Minotaur Fighter)          Turns: 1199, Time: 00:00:56

Health: 0/41       AC:  6    Str: 22    XL:     4   Next: 3%
Magic:  3/3        EV:  9    Int:  5    God:
Gold:   89         SH:  0    Dex: 10    Spells: 3/3 levels left

rFire   . . .      SeeInvis .   a - +0 war axe
rCold   . . .      Faith    .   c - +0 buckler
rNeg    . . .      Spirit   .   b - +0 scale mail
rPois   .          Reflect  .   (helmet restricted)
rElec   .          Harm     .   (no cloak)
rCorr   .          Rampage  .   (no gloves)
Will    .....                   (no boots)
Stlth   ..........              (no amulet)
HPRegen 0.13/turn               (no ring)
MPRegen 0.08/turn               (no ring)

@: confused, mighty, invisible
A: horns 2, retaliatory headbutt
a: no special abilities


You were on level 3 of the Dungeon.
You visited 1 branch of the dungeon, and saw 3 of its levels.

You collected 89 gold pieces.

Inventory:

Hand Weapons
 a - a +0 war axe (weapon)
Missiles
 g - 51 bolts
Armour
 b - a +0 scale mail (worn)
 c - a +0 buckler (worn)
Jewellery
 e - a ring of fire
 h - a ring of positive energy
Scrolls
 i - a scroll of identify {unknown}
 j - a scroll of immolation {unknown}
Potions
 k - a potion of attraction {unknown}


   Skills:
 + Level 4.3 Fighting
 * Level 4.1 Axes
 - Level 3.6 Armour
 + Level 4.3 Shields


You had 3 spell levels left.
You didn't know any spells.
Your spell library was empty.

Dungeon Overview and Level Annotations

Branches:
Dungeon (3/15)

Altars:
Fedhas


Innate Abilities, Weirdness & Mutations

You have a pair of horns on your head.
You reflexively headbutt those who attack you in melee.


Message History

You are no longer poisoned.
The goblin hits you but does no damage.
You hear some strange, mumbled words.
You are confused.
The goblin hits you but does no damage. The orc hits you with a +0 mace.
Something hits you. The goblin barely misses you.
You hear some strange, mumbled words.
A puff of flame appears from out of thin air!
The puff of flame hits you.
Unknown command.
You closely miss the orc. You headbutt the orc!
You kill the orc!
You miss something. You barely miss the goblin.
The goblin hits you with a +0 club.
You hear some strange, mumbled words.
You are more confused.
The goblin hits you with a +0 club.
* * * LOW HITPOINT WARNING * * *
Something hits you but does no damage. The goblin barely misses you.
Things that are here:
a +0 mace; a +0 chain mail; an orc corpse Unknown command.
You closely miss something. Your headbutt misses something.
You barely miss the goblin. You closely miss the orc.
The orc barely misses you. Something hits you but does no damage.
The goblin hits you with a +0 club.
* * * LOW HITPOINT WARNING * * *
The orc barely misses you.
Unknown command.
It was a potion of invisibility.
You fade into invisibility!
Something hits you but does no damage. The goblin hits you but does no damage.
The orc hits you with a +0 flail.
* * * LOW HITPOINT WARNING * * *
You feel very mighty all of a sudden. Something hits you.
* * * LOW HITPOINT WARNING * * *
The goblin barely misses you. The orc hits you with a +0 flail.
You die...

..........# .. ...
####...### #
#.##..#####...####.##
.......##............
............)†.....##
.##.......###.#†##.#.#
.........####.#.##.#.#
..#..###o..?....##.#.#
......{@......#.##.#.#
......#.g.....#.##.#.###
........................
......#...##.......#...#
..#...#.......#.##.....#
. #.. #.$.##..#....≈≈≈..
..........#.....≈≈≈≈≈≈≈
.... ...........≈≈≈≈≈≈≈≈
.##. .........≈≈≈≈≈≈≈≈≈


You could see an orc and a goblin.

Vanquished Creatures
  3 adders (D:3)
  A worm (D:2)
  A dart slug (D:1)
  An orc (D:3)
  An endoplasm (D:2)
  3 giant cockroaches
  4 goblins
  2 jackals (D:3)
  5 quokkas
  3 ball pythons
  6 bats
  2 frilled lizards (D:2)
  2 kobolds (D:2)
  2 rats
36 creatures vanquished.

Vanquished Creatures (others)
  3 plants (D:3)
3 creatures vanquished.

Grand Total: 39 creatures vanquished

Notes
Turn   | Place    | Note
-------+----------+-------------------------------------------
     0 | D:1      | Illumine the Minotaur Fighter began the quest for the Orb.
     0 | D:1      | Reached XP level 1. HP: 19/19 MP: 0/0
   145 | D:1      | Reached XP level 2. HP: 27/27 MP: 1/1
   615 | D:2      | Found a faded altar of an unknown god.
   945 | D:2      | Reached XP level 3. HP: 33/33 MP: 2/2
  1171 | D:3      | Found a blossoming altar of Fedhas.
  1192 | D:3      | Reached XP level 4. HP: 26/40 MP: 3/3
  1198 | D:3      | HP: 2/41 [orc (6)]
  1199 | D:3      | Slain by an orc

Illustrated notes

Levels and vault maps discovered:
D:1:      dpeg_arrival_tiny_h, layout_loops_ring, serial_glass, glass_columns_c,
          glass_columns_c
D:2:      layout_loops_corners, ebering_ecumenical_altar_petrified,
          corner_web_ring
D:3:      layout_basic, fedhas_ov_isle_minmay, serial_glass, glass_columns_c,
          glass_columns_b, glass_columns_a, glass_columns_a, glass_columns_c,
          glass_columns_b, nicolae_underground_beach, uniq_sigmund

Skill      XL: |  1  2  3 |
---------------+----------+-----
Axes           | 3 4 |  4.1
Shields        | 4 |  4.3
Fighting       | 4 |  4.3
Armour         | |  3.6

Action                   |  1- 3 |  4- 6 || total
-------------------------+-------+-------++-------
Melee: War axe           |    78 |     2 ||    80
       Headbutt          |    11 |     1 ||    12
  Use: Potion            |       |     2 ||     2
Armor: Scale mail        |    52 |     6 ||    58
Dodge: Dodged            |    42 |     5 ||    47
Block: Buckler           |    21 |       ||    21
